 Dungeon Crawl Stone Soup version 0.17-a0-1880-gacf7e67 (webtiles) character file.

43527 GrandHerb the Fighter (level 13, 0/104 HPs)
             Began as a Demonspawn Gladiator on Sept 21, 2015.
             Was a High Priest of Okawaru.
             Slain by a basilisk (12 damage)
             ... on level 2 of the Lair of Beasts.
             The game lasted 03:32:30 (23916 turns).

GrandHerb the Fighter (Demonspawn Gladiator)       Turns: 23916, Time: 03:32:31

Health: 0/104      AC: 33    Str: 19    XL:     13   Next: 91%
Magic:  11/18      EV: 19    Int: 14    God:    Okawaru [*****.]
Gold:   1001       SH:  0    Dex: 18    Spells: 1 memorised, 9 levels left

rFire  + . .     SeeInvis .     w - +2 scythe (flame)
rCold  + . .     Clarity  .     v - +4 chain mail {rF+}
rNeg   . . .     SustAt   .     (no shield)
rPois  .         Gourm    .     (helmet restricted)
rElec  .         Spirit   .     K - +1 cloak {rC+}
rCorr  +         Warding  .     O - +2 pair of gloves {Dex+3}
rMut   .         Stasis   .     s - +1 pair of boots of Grot {Regen+ Str+4 Int+2}
MR     .....                    p - amulet of resist corrosion
Stlth  +.........               Z - +2 ring of evasion
                                W - +5 ring of slaying

@: about to teleport, heroism, finesse, not resistant to hostile enchantments,
very unstealthy
A: horns 2, rough black scales 2, nightstalker 1, powered by death 1
a: Heroism, Finesse, Renounce Religion


You were on level 2 of the Lair of Beasts.
You worshipped Okawaru.
Okawaru was extremely pleased with you.
You were not hungry.

You visited 4 branches of the dungeon, and saw 19 of its levels.
You visited 1 bazaar.
You also visited: Ice Cave.

You collected 2098 gold pieces.
You spent 1097 gold pieces at shops.

Inventory:

Hand weapons
 w - a +2 scythe of flaming (weapon)
Missiles
 a - 3 throwing nets
 E - 7 javelins of returning (quivered)
 L - 3 poisoned tomahawks
Armour
 s - the +1 pair of boots of Grot (worn) {Regen+ Str+4 Int+2}
   (Okawaru gifted it to you on level 2 of the Orcish Mines)

   It affects your strength (+4).
   It affects your intelligence (+2).
   It increases your rate of regeneration.
 v - a +4 chain mail of fire resistance (worn)
 K - a +1 cloak of cold resistance (worn)
 O - a +2 pair of gloves of dexterity (worn)
Jewellery
 p - an amulet of resist corrosion (around neck)
 W - a +5 ring of slaying (left hand)
 Z - a +2 ring of evasion (right hand)
Magical devices
 f - a wand of lightning (6)
 j - a wand of teleportation (4)
 k - a wand of slowing (4)
 q - a wand of disintegration (21)
 A - a wand of invisibility (5)
 T - a wand of heal wounds (1)
Scrolls
 c - 5 scrolls of enchant armour
 h - 4 scrolls of teleportation
 i - 6 scrolls of remove curse
 m - a scroll of holy word {unknown}
 o - 2 scrolls of immolation {unknown}
 u - 2 scrolls of enchant weapon {unknown}
 B - a scroll of fear {unknown}
 D - 2 scrolls of fog
 U - a scroll of magic mapping {unknown}
 V - 2 scrolls of recharging {unknown}
 Y - a scroll of vulnerability {unknown}
Potions
 d - a potion of lignification
 l - 4 potions of flight
 n - 4 potions of curing
 r - 4 potions of brilliance
 x - a potion of cure mutation {unknown}
 z - a potion of invisibility {unknown}
 F - a potion of heal wounds {unknown}
 H - 2 potions of haste
 I - 3 potions of resistance
 J - a potion of agility {unknown}
 M - a potion of mutation {unknown}
 N - a potion of poison {unknown}
 R - a potion of might {unknown}
Miscellaneous
 b - a sack of spiders
Comestibles
 e - 4 bread rations
 g - 3 meat rations
 t - 3 chunks of flesh
 Q - 9 royal jellies
 S - 4 fruits


   Skills:
 + Level 10.4(15.4) Fighting
 + Level 10.0(15.0) Polearms
 + Level 9.7(14.7) Throwing
 + Level 9.8(14.8) Armour
 + Level 9.8(14.8) Dodging
 - Level 0.3 Spellcasting
 - Level 0.1 Charms
 - Level 0.4 Necromancy
 + Level 6.7 Invocations
 + Level 6.6 Evocations


You had 9 spell levels left.
You knew the following spells:

 Your Spells              Type           Power        Failure   Level  Hunger
a - Regeneration          Chrm/Necr      #.........   100%        3    ####...


Dungeon Overview and Level Annotations

Branches:
Dungeon (12/15)            Temple (1/1) D:4            Lair (2/8) D:10
    Orc (4/4) D:12            Elf (0/3) Orc:3

Altars:
Ashenzari
Cheibriados
Dithmenos
Elyvilon
Fedhas
Gozag
Kikubaaqudgha
Makhleb
Nemelex Xobeh
Okawaru
Qazlal
Ru
Sif Muna
Trog
Vehumet
Xom
Yredelemnul
Zin
The Shining One
Beogh

Shops:
D:8 [   Orc:4 :(*[*

Annotations:
D:3 GrandHerb's ghost, average DsGl
D:5 Edmund


Innate Abilities, Weirdness & Mutations

You have a pair of horns on your head.
You are mostly covered in rough black scales (AC +7, Dex -2).
You are slightly more attuned to the shadows.
You regenerate a little health from kills.


Message History

You closely miss the basilisk. The wolf bites you. The wolf closely misses you.
The death yak gores you but does no damage.
The basilisk bites you.
You miss the basilisk. The wolf bites you but does no damage.
The wolf completely misses you. The death yak closely misses you.
You hit the basilisk but do no damage. The wolf bites you but does no damage.
The death yak gores you!!
* * * LOW HITPOINT WARNING * * *
The wolf bites you.
* * * LOW HITPOINT WARNING * * *
The basilisk completely misses you.
Read which item? (? for menu, Esc to quit)
As you read the scroll of teleportation, it crumbles to dust.
You feel strangely unstable.
You feel less regenerative. The wolf misses you.
The wolf bites you but does no damage. The death yak gores you.
* * * LOW HITPOINT WARNING * * *
The death yak misses you. The wolf closely misses you. The basilisk bites you!
You die...

.......†<............
####P................
##....##.....##....
#....#....####...#
#....##.....P#...+
##....##..........##
#......#.....#.[...#
#...........l#Y....#
#.....##....h@YY...#
#.....#P....h##..?##
..#....##.....##......+
.......##.##...........
.......##..#.#.#.Y.....
.......................
.... .......( ...
........


You could see 3 death yaks, a basilisk and 2 wolves.

Vanquished Creatures
  2 orc warlords
  Nessos (Orc:4)
  Snorg (Orc:1)
  The ghost of mcbry74 the Grappler, a powerful TrMo of the Shining One (Lair:1)
  Josephine (Orc:4)
  Harold (Orc:2)
  Erolcha (Orc:2)
  3 death yaks (Lair:2)
  Urug (Orc:1)
  3 orc high priests
  3 slime creatures (D:11)
  An ice statue (IceCv)
  A necromancer (IceCv)
  The ghost of achirane the Transmogrifier, an experienced OpTm (D:7)
  Pikel (D:8)
  5 orc knights
  5 orc sorcerers
  5 hill giants
  An ugly thing (D:12)
  A cyclops (D:12)
  A manticore (D:12)
  Joseph (D:9)
  A centaur zombie (D:12)
  2 spiny frogs (Lair:1)
  A komodo dragon (Lair:1)
  10 freezing wraiths (IceCv)
  3 two-headed ogres
  A troll (Orc:3)
  2 trapdoor spiders
  3 hungry ghosts
  3 wraiths
  9 hippogriffs
  12 yaks
  A deep elf mage (D:11)
  A basilisk (D:11)
  6 wolves
  Menkaure (D:5)
  3 water moccasins
  6 wargs
  23 orc warriors
  6 phantoms
  4 sky beasts
  2 black bears
  18 ice beasts
  An alligator simulacrum (IceCv)
  4 ogres
  5 centaurs
  9 giant frogs
  2 wyvern zombies
  2 wyvern skeletons
  An elephant simulacrum (IceCv)
  4 scorpions
  3 wights (D:9)
  15 killer bees
  2 giant frog zombies
  7 crimson imps
  4 draconian simulacra (IceCv)
  6 jellies
  20 orc wizards
  5 hounds
  Crazy Yiuf (D:2)
  2 giant frog skeletons
  23 orc priests
  A quasit (D:7)
  Ijyb (D:2)
  7 worker ants
  A polar bear simulacrum (IceCv)
  2 spriggan simulacra (IceCv)
  Natasha (thrice) (D:2 D:1)
  8 iguanas
  6 troll simulacra (IceCv)
  3 centaur simulacra (IceCv)
  A wolf simulacrum (IceCv)
  3 hound skeletons
  A worker ant zombie (D:6)
  Robin (D:3)
  14 adders
  3 ogre simulacra (IceCv)
  2 naga simulacra (IceCv)
  3 shadow imps
  12 white imps (IceCv)
  6 oozes
  An adder zombie (D:5)
  3 worms
  9 giant geckos
  194 orcs
  3 ball pythons
  2 bat zombies (D:2)
  4 giant cockroaches
  16 goblins
  9 hobgoblins
  12 jackals
  14 kobolds
  A ball python skeleton (D:4)
  6 bats
  A giant newt (D:2)
  A jackal zombie (D:3)
  5 quokkas
  7 rats
  3 rat zombies (D:2)
644 creatures vanquished.

Vanquished Creatures (collateral kills)
  An orc high priest (Orc:4)
  A wraith (Orc:4)
  An orc warrior (Orc:4)
  An orc (Orc:4)
  A fungus (Orc:4)
5 creatures vanquished.

Vanquished Creatures (others)
  A slave (D:9)
  3 gnolls (D:8)
  An orc (Orc:4)
  5 fungi
10 creatures vanquished.

Grand Total: 659 creatures vanquished

Notes
Turn   | Place    | Note
--------------------------------------------------------------
     0 | D:1      | GrandHerb the Demonspawn Gladiator began the quest for the Orb.
     0 | D:1      | Reached XP level 1. HP: 16/16 MP: 1/1
   353 | D:1      | Gained mutation: You are slightly more attuned to the shadows. [demonic ancestry]
   353 | D:1      | Reached XP level 2. HP: 6/22 MP: 2/2
   595 | D:1      | Reached skill level 1 in Armour
   610 | D:1      | Found a sparkling altar of Nemelex Xobeh.
  1280 | D:1      | Reached skill level 3 in Dodging
  1536 | D:2      | Gained mutation: You are partially covered in rough black scales (AC +4, Dex -1). [demonic ancestry]
  1536 | D:2      | Reached XP level 3. HP: 25/27 MP: 3/3
  1569 | D:2      | Noticed Natasha
  1579 | D:2      | HP: 1/27 [Natasha (5)]
  1584 | D:2      | Killed Natasha
  1935 | D:2      | Noticed Ijyb
  1955 | D:2      | Killed Ijyb
  1955 | D:2      | Reached XP level 4. HP: 30/34 MP: 4/4
  2149 | D:2      | Noticed Natasha
  2430 | D:1      | Killed Natasha
  2439 | D:1      | Noticed Natasha
  2476 | D:1      | Killed Natasha
  2515 | D:2      | Noticed Crazy Yiuf
  2520 | D:2      | Killed Crazy Yiuf
  2520 | D:2      | Reached XP level 5. HP: 32/40 MP: 1/5
  2786 | D:2      | Found an ancient bone altar of Kikubaaqudgha.
  2902 | D:3      | Noticed Robin
  2964 | D:3      | Killed Robin
  3074 | D:3      | Noticed GrandHerb's ghost (average DsGl)
  3884 | D:4      | Gained mutation: You are mostly covered in rough black scales (AC +7, Dex -2). [demonic ancestry]
  3884 | D:4      | Reached XP level 6. HP: 32/47 MP: 6/6
  4002 | D:4      | Found a staircase to the Ecumenical Temple.
  4047 | Temple   | Entered the Ecumenical Temple
  4093 | Temple   | Became a worshipper of Warmaster Okawaru
  4845 | D:5      | Entered Level 5 of the Dungeon
  4859 | D:4      | Reached skill level 4 in Polearms
  5031 | D:5      | Reached XP level 7. HP: 53/53 MP: 7/7
  5780 | D:5      | Noticed Menkaure
  5791 | D:5      | Killed Menkaure
  5791 | D:5      | Acquired Okawaru's first power
  5851 | D:5      | HP: 2/54 [ice beast (10)]
  6197 | D:5      | Reached skill level 1 in Invocations
  6363 | D:6      | Noticed Edmund
  6419 | D:6      | HP: 2/55 [Edmund/dire flail of holy wrath (1)]
  6732 | D:5      | HP: 2/55 [Edmund/dire flail of holy wrath (12)]
  7195 | D:6      | Gained mutation: You have a pair of small horns on your head. [demonic ancestry]
  7195 | D:6      | Reached XP level 8. HP: 54/61 MP: 9/9
  7810 | D:6      | Found a deep blue altar of Sif Muna.
  7874 | D:7      | Reached skill level 5 in Fighting
  7874 | D:7      | Reached skill level 5 in Dodging
  7929 | D:7      | Reached skill level 5 in Polearms
  8254 | D:7      | Found a white marble altar of Elyvilon.
  8280 | D:7      | Noticed achirane's ghost (experienced OpTm)
  8645 | D:7      | Killed achirane's ghost
  8645 | D:7      | Reached XP level 9. HP: 67/69 MP: 11/11
  8855 | D:7      | Reached skill level 5 in Throwing
  9074 | D:7      | Found an iron altar of Okawaru.
  9320 | D:8      | Reached skill level 6 in Fighting
  9320 | D:8      | Reached skill level 5 in Armour
  9968 | D:8      | Found a shimmering altar of Xom.
  9971 | D:8      | Found a shimmering altar of Xom.
  9971 | D:8      | Found a shimmering altar of Xom.
  9971 | D:8      | Found a shimmering altar of Xom.
  9971 | D:8      | Found a shimmering altar of Xom.
  9971 | D:8      | Found a shimmering altar of Xom.
  9971 | D:8      | Found a shimmering altar of Xom.
 10496 | D:8      | Found Liekaleg's Armour Shop.
 10513 | D:8      | Bought a +2 pair of gloves of dexterity for 258 gold pieces
 10560 | D:8      | Learned a level 3 spell: Regeneration
 10644 | D:8      | Received a gift from Okawaru
 10758 | D:8      | Gained mutation: You have a pair of horns on your head. [demonic ancestry]
 10758 | D:8      | Reached XP level 10. HP: 49/77 MP: 12/12
 11769 | D:9      | Found a sparkling altar of Nemelex Xobeh.
 11895 | D:9      | Received a gift from Okawaru
 11906 | D:9      | Reached skill level 7 in Fighting
 12224 | D:9      | Noticed a hill giant
 12284 | D:9      | Noticed Pikel
 12328 | D:8      | Killed Pikel
 12328 | D:8      | Acquired Okawaru's second power
 12529 | D:8      | Received a gift from Okawaru
 12870 | D:9      | Found a shadowy altar of Dithmenos.
 12881 | D:9      | Found a blossoming altar of Fedhas.
 12886 | D:9      | Found a sacrificial altar of Ru.
 12892 | D:9      | Found an opulent altar of Gozag.
 12981 | D:9      | Found a glowing silver altar of Zin.
 13062 | D:9      | Noticed Joseph
 13087 | D:9      | Killed Joseph
 13420 | D:9      | Killed a hill giant
 13420 | D:9      | Gained mutation: You regenerate a little health from kills. [demonic ancestry]
 13420 | D:9      | Reached XP level 11. HP: 86/86 MP: 13/13
 13518 | D:10     | Entered Level 10 of the Dungeon
 13609 | D:10     | Found a staircase to the Lair.
 13712 | Lair:1   | Entered Level 1 of the Lair of Beasts
 13967 | Lair:1   | Received a gift from Okawaru
 13967 | Lair:1   | Reached skill level 8 in Fighting
 14220 | Lair:1   | Received a gift from Okawaru
 14478 | Lair:1   | Noticed mcbry74's ghost (powerful TrMo)
 14786 | D:10     | Noticed a hill giant
 14795 | D:10     | Killed a hill giant
 16014 | D:8      | Bought a +4 scale mail of positive energy for 336 gold pieces
 16164 | Lair:1   | Killed mcbry74's ghost
 16164 | Lair:1   | Reached skill level 1 in Evocations
 16566 | D:11     | Noticed a hill giant
 16574 | D:11     | Killed a hill giant
 16724 | D:11     | Noticed a hill giant
 16725 | D:11     | Found a gateway to a bazaar.
 16732 | D:11     | Killed a hill giant
 16763 | Bazaar   | Entered a bazaar
 16763 | Bazaar   | Found Lehim's General Store.
 16763 | Bazaar   | Found Niteonuq's Weapon Boutique.
 16763 | Bazaar   | Found Raorabb's Jewellery Boutique.
 16763 | Bazaar   | Found Ostujaz's Weapon Boutique.
 16763 | Bazaar   | Found Lorchor's Antique Weapon Shop.
 16990 | Bazaar   | Bought a runed scythe for 105 gold pieces
 18226 | D:12     | Noticed a hill giant
 18259 | D:12     | Received a gift from Okawaru
 18275 | D:12     | Reached XP level 12. HP: 94/94 MP: 14/14
 18287 | D:12     | Found a frozen archway.
 18308 | IceCv    | Entered an ice cave
 18333 | IceCv    | Reached skill level 9 in Fighting
 19111 | IceCv    | Found an ancient bone altar of Kikubaaqudgha.
 19210 | IceCv    | Got a polished hunting sling
 19534 | D:12     | Killed a hill giant
 19534 | D:12     | Received a gift from Okawaru
 20078 | D:12     | Found a staircase to the Orcish Mines.
 20225 | Orc:1    | Entered Level 1 of the Orcish Mines
 20389 | Orc:1    | Noticed Urug
 20397 | Orc:1    | Killed Urug
 20791 | Orc:2    | Noticed Harold
 20809 | Orc:2    | Killed Harold
 20856 | Orc:2    | Noticed Erolcha
 20868 | Orc:2    | Killed Erolcha
 20868 | Orc:2    | Received a gift from Okawaru
 20868 | Orc:2    | Received a gift from Okawaru
 20868 | Orc:2    | Reached skill level 5 in Evocations
 20871 | Orc:2    | Got a pair of slimy boots {god gift}
 20882 | Orc:2    | Identified the +1 pair of boots of Grot {Regen+ Str+4 Int+2} (Okawaru gifted it to you on level 2 of the Orcish Mines)
 21206 | Orc:2    | Reached XP level 13. HP: 102/102 MP: 16/16
 21366 | Orc:2    | Reached skill level 5 in Invocations
 21439 | Orc:2    | Noticed Snorg
 21460 | Orc:1    | Killed Snorg
 21587 | Orc:2    | Found a roughly hewn altar of Beogh.
 22046 | Orc:3    | Found a staircase to the Elven Halls.
 22288 | Orc:4    | Entered Level 4 of the Orcish Mines
 22352 | Orc:4    | Noticed an orc warlord
 22481 | Orc:4    | Killed an orc warlord
 22481 | Orc:4    | Reached skill level 10 in Fighting
 22664 | Orc:4    | Found Hiuwkup's General Store.
 22688 | Orc:4    | Paralysed by an orc sorcerer for 6 turns
 22877 | Orc:4    | Bought a scroll of summoning for 142 gold pieces
 22905 | Orc:4    | Noticed Josephine
 22911 | Orc:4    | Killed Josephine
 22997 | Orc:4    | Found Nuol's Antique Armour Shop.
 23095 | Orc:4    | Found Yqorphoun's Antique Weapon Emporium.
 23124 | Orc:4    | Noticed Nessos
 23140 | Orc:4    | Killed Nessos
 23163 | Orc:4    | Found a roughly hewn altar of Beogh.
 23195 | Orc:4    | Found Dyid's Assorted Antiques.
 23218 | Orc:4    | Bought a scroll of identify for 64 gold pieces
 23218 | Orc:4    | Bought 2 potions of curing for 192 gold pieces
 23299 | Orc:4    | Found Matoxiak's Book Boutique.
 23305 | Orc:4    | Noticed an orc warlord
 23371 | Orc:3    | Killed an orc warlord
 23425 | Orc:4    | Reached skill level 10 in Polearms
 23850 | Lair:1   | Received a gift from Okawaru
 23907 | Lair:2   | Received a gift from Okawaru
 23916 | Lair:2   | Slain by a basilisk

Vault maps used:
D:1:      grunt_arrival_crossed_arrows, nemelex_altar_shiori
D:2:      lemuel_zombie_altar_kikubaaqudgha, first_bread, wad_orctagon,
          uniq_natasha, uniq_crazy_yiuf_cottage, uniq_iyjb
D:3:      uniq_robin
D:4:      minmay_temple_entry_large_hall, amalloy_card_club
D:5:      uniq_menkaure
D:6:      led_sif_pool, uniq_edmund
D:7:      lemuel_coloured_pillars_altar, basic_altar
D:8:      serial_shops, shop_statue, hangedman_little_slice_of_home,
          xom_shifter_show
D:9:      nicolae_overflow_hidden_temple, grunt_temple_overflow_cloverleaf,
          basic_altar, uniq_joseph, uniq_pikel
D:10:     lair_0_dummy
D:11:     serial_shops, bzr_entry_customers, lemuel_flame_loot_1
D:12:     david_orc_3, portal_ice_cave_entry_ice_beasts
Temple:   zaba_magenta_temple_12
Lair:2:   lemuel_fruit_tree
Orc:1:    uniq_urug
Orc:2:    minmay_orc_temple_c, uniq_harold, uniq_erolcha, uniq_snorg
Orc:3:    nicolae_orc_pool_cavern
Orc:4:    grunt_orc_gardens, grunt_orc_garden, grunt_orc_garden,
          grunt_orc_garden, grunt_orc_garden, serial_shops,
          nicolae_shop_statue_plus, basic_altar, uniq_josephine, uniq_nessos
Bazaar:   bazaar_minmay_trees
IceCv:    ice_cave_small_necro

Action                   |  1- 3 |  4- 6 |  7- 9 | 10-12 | 13-15 || total
-------------------------+-------+-------+-------+-------+-------++-------
Melee: Trident           |   117 |   402 |   606 |   515 |       ||  1640
       Scythe            |       |       |       |   469 |   429 ||   898
Throw: Throwing net      |     1 |     6 |     5 |       |       ||    12
       Javelin           |       |       |       |    90 |    30 ||   120
Invok: Heroism           |       |       |     1 |    11 |     6 ||    18
       Finesse           |       |       |       |     6 |     4 ||    10
Evoke: Wand              |       |       |     8 |     4 |       ||    12
  Use: Potion            |     1 |       |     4 |       |       ||     5
       Scroll            |       |     7 |     6 |     8 |     3 ||    24
 Stab: Sleeping          |     2 |     4 |     4 |     7 |     1 ||    18
       Held in net/web   |       |       |     1 |       |       ||     1
       Distracted        |       |       |     1 |       |       ||     1
  Eat: Chunk             |     3 |    11 |    14 |    18 |    11 ||    57
       Fruit             |       |       |     4 |     6 |       ||    10
       Pizza             |       |       |     3 |     2 |       ||     5
       Bread ration      |       |       |     2 |     1 |       ||     3
       Royal jelly       |       |       |     2 |     1 |       ||     3
       Beef jerky        |       |       |       |     4 |       ||     4
       Meat ration       |       |       |       |     1 |       ||     1
